 Dungeon Crawl Stone Soup version 0.18.1-48-g4cf74bf (webtiles) character file.

22600 Kirk the Cleaver (level 12, -1/101 HPs)
             Began as a Demonspawn Gladiator on Aug 23, 2016.
             Was a High Priest of Makhleb.
             Killed from afar by a wretched star (31 damage)
             ... with an orb of energy
             ... on level 4 of the Abyss.
             The game lasted 00:54:00 (12462 turns).

Kirk the Cleaver (Demonspawn Gladiator)            Turns: 12462, Time: 00:54:00

Health: -1/101     AC: 22    Str: 25    XL:     12   Next: 64%
Magic:  12/12      EV:  8    Int:  6    God:    Makhleb [*****.]
Gold:   817        SH:  0    Dex: 16    Spells: 0 memorised, 11 levels left

rFire  + . .     SeeInvis .     u - +3 battleaxe (freeze)
rCold  + . .     Gourm    .     a - +0 plate armour "Fuhy" {rElec rN++ Int-3 Slay+2}
rNeg   + + .     Faith    .     (shield currently unavailable)
rPois  .         Spirit   .     (helmet unavailable)
rElec  +         Dismiss  .     C - +2 cloak
rCorr  .         Reflect  .     t - +2 pair of gloves
SustAt .         Harm     .     D - +0 pair of boots
MR     .....     Rnd*Rage +     z - amulet of rage
Stlth  ..........               G - ring of protection from cold
                                s - +6 ring of strength

@: not resistant to hostile enchantments, extremely unstealthy
A: horns 3, berserk 2, deterioration 2, fire resistance 1, powered by pain 1,
electricity resistance, flame cloud immunity
a: Minor Destruction, Lesser Servant of Makhleb, Major Destruction, Greater
Servant of Makhleb, Renounce Religion, Evoke Berserk Rage


You were on level 4 of the Abyss.
You worshipped Makhleb.
Makhleb was extremely pleased with you.
You were not hungry.

You visited 3 branches of the dungeon, and saw 15 of its levels.
You visited the Abyss 1 time.
You also visited: Sewer.

You collected 947 gold pieces.
You spent 130 gold pieces at shops.

Inventory:

Hand Weapons
 u - a +3 battleaxe of freezing (weapon)
 x - the +7 rapier "Zeluru" {pierce, *Rage +Blink Int+9 Dex+3}
   (You found it on level 5 of the Dungeon)

   It inflicts extra damage upon your enemies.
   It affects your intelligence (+9).
   It affects your dexterity (+3).
   It lets you blink.
   It may make you go berserk in combat.
Missiles
 b - 4 needles of confusion
 g - 48 poisoned needles
 h - 7 tomahawks (quivered)
Armour
 a - the +0 plate armour "Fuhy" (worn) {rElec rN++ Int-3 Slay+2}
   (You found it on level 3 of the Abyss)

   It affects your intelligence (-3).
   It affects your accuracy and damage with ranged weapons and melee attacks
   (+2).
   It insulates you from electricity.
   It greatly protects you from negative energy.
 l - a +0 buckler
 t - a +2 pair of gloves (worn)
 C - a +2 cloak (worn)
 D - a +0 pair of boots (worn)
Jewellery
 j - an uncursed ring of flight
 s - a +6 ring of strength (left hand)
 z - an amulet of rage (around neck)
 E - an uncursed ring of teleportation
 G - a ring of protection from cold (right hand)
Wands
 c - a wand of lightning (0/15)
 n - a wand of confusion (40/48)
 o - a wand of paralysis (13/24)
 H - a wand of iceblast (9/15)
Scrolls
 d - 2 scrolls of brand weapon
 e - 4 scrolls of fog
 m - a scroll of identify
 r - 5 scrolls of remove curse
 y - 2 scrolls of recharging
Potions
 i - 2 potions of magic
 k - 2 potions of flight
 p - 5 potions of lignification
 v - a potion of cancellation
 w - a potion of curing
 M - a potion of agility
Miscellaneous
 N - a disc of storms
Comestibles
 f - 6 bread rations
 q - 6 meat rations
 I - 3 beef jerkies
 J - 11 fruits
 L - 6 slices of pizza


   Skills:
 + Level 11.7 Fighting
 + Level 13.8 Axes
 - Level 2.1 Throwing
 + Level 8.7 Armour
 - Level 2.6 Dodging
 * Level 1.0 Invocations


You had 11 spell levels left.
You didn't know any spells.

Dungeon Overview and Level Annotations

Branches:
Dungeon (10/15)            Temple (1/1) D:5            Lair (4/8) D:8
 Shoals (0/4) Lair:3
  Snake: Lair:3-6    Spider: Lair:3-6       Orc: D:9-12

Altars:
Ashenzari
Cheibriados
Dithmenos
Elyvilon
Fedhas
Gozag
Kikubaaqudgha
Makhleb
Nemelex Xobeh
Okawaru
Pakellas
Qazlal
Ru
Sif Muna
Trog
Vehumet
Xom
Yredelemnul
Zin
The Shining One

Shops:
D:4 !   D:5 =

Annotations:
D:3 Natasha
D:8 1 exclusion
Lair:3 Rupert


Innate Abilities, Weirdness & Mutations

You have a pair of large horns on your head.
Your flesh is heat resistant.
You sometimes gain a little power by taking damage.
You are immune to clouds of flame.
You are resistant to electric shocks.
[You often lose your temper in combat.]
[Your body often deteriorates upon taking damage.]


Message History

The wretched star moves out of view.
The worldbinder calls forth creatures from the Vaults!
The wretched star pulses with an eldritch light!
You feel a little pissed off.
You feel angry.
A necromancer comes into view. It is wielding a dagger.
The wretched star glows turbulently.
The orb of energy hits you!
The wretched star glows turbulently.
The orb of energy hits you!
The wretched star glows turbulently.
The orb of energy hits you!
* * * LOW HITPOINT WARNING * * *
A ynoxinul comes into view.
The ynoxinul bellows!
The wretched star pulses with an eldritch light!
You feel yourself wasting away.
You feel your body start to fall apart.
The soul eater twists and deforms.
The wretched star glows turbulently.
The orb of energy hits you!
You die...

## ##p .# ####. ...
#. ##...# #.. #.
###.... ..# .#.
+####.....######.##..
.....#.##..##......##
.....#....#.#..#...#
#..33.#.#....#.# #
โ‰ˆโ‰ˆโ‰ˆ.#@.##.#.#
.#.#..# #
#.#..#....#.##.3##.
#.###..ยง#.##.#..#X##
#. #.#*..#..###..p #
##.##... # #...
.....#....#.... .#
##.....# . . . ##
###..#.## # ..# #.#


You could see a wretched star, a ynoxinul and a chaos spawn.

Vanquished Creatures
  Maud (Lair:3)
  A catoblepas (Lair:4)
  2 tengu warriors
  The ghost of Anatei the Fighter, a novice MiFi of Trog (D:8)
  A giant orange brain (Abyss:4)
  2 black mambas
  A siren (Lair:3)
  5 spiny frogs
  9 komodo dragons
  A tengu conjurer (D:10)
  A troll (D:9)
  7 blink frogs
  4 polar bears (Lair:2)
  Sigmund (D:6)
  2 wraiths
  11 yaks
  2 basilisks
  3 hippogriffs
  Menkaure (D:6)
  Edmund (D:6)
  2 mottled dragons (D:9)
  4 water moccasins
  2 wargs (D:8)
  5 porcupines
  3 orc warriors
  6 sky beasts
  3 ice beasts
  7 black bears
  3 ogres
  A necrophage (D:5)
  3 phantoms
  4 wolves (Lair:4)
  2 centaurs
  10 crocodiles
  3 big kobolds (D:8)
  12 giant frogs
  A water moccasin zombie (D:7)
  2 scorpions
  3 vampire bats (Lair:2)
  An electric eel (Lair:2)
  A giant frog zombie (D:5)
  2 crimson imps
  4 howler monkeys (D:7)
  A quasit (D:4)
  A lava snake (Lair:2)
  12 hounds
  2 jellies
  An orc priest (D:8)
  4 giant frog skeletons
  Natasha (D:3)
  5 iguanas
  3 orc wizards
  3 worker ants
  8 sheep
  A killer bee zombie (D:9)
  A hound skeleton (D:9)
  A howler monkey zombie (D:9)
  3 worker ant zombies
  A howler monkey skeleton (D:5)
  12 adders
  3 gnolls (D:5)
  44 river rats
  4 shadow imps
  A white imp (D:9)
  3 adder skeletons
  2 worms
  5 giant geckos
  17 orcs
  2 ball pythons
  11 bats
  8 giant cockroaches
  7 goblins
  10 hobgoblins
  9 jackals
  7 kobolds
  A quokka (D:10)
  A giant gecko skeleton (D:5)
  4 giant newts (D:2)
  A goblin skeleton (D:9)
  A goblin zombie (D:9)
  A kobold zombie (D:9)
  An orc skeleton (D:9)
  A quokka zombie (D:9)
  7 rats
  2 fungi
  2 plants
356 creatures vanquished.

Vanquished Creatures (others)
  7 fungi
  10 plants
  4 starspawn tentacles (Abyss:4)
  3 starspawn tentacle segments (Abyss:4)
24 creatures vanquished.

Grand Total: 380 creatures vanquished

Notes
Turn   | Place    | Note
--------------------------------------------------------------
     0 | D:1      | Kirk the Demonspawn Gladiator began the quest for the Orb.
     0 | D:1      | Reached XP level 1. HP: 16/16 MP: 1/1
   103 | D:1      | Reached skill level 3 in Axes
   179 | D:1      | Gained mutation: You have a pair of small horns on your head. [demonic ancestry]
   179 | D:1      | Reached XP level 2. HP: 22/22 MP: 2/2
   990 | D:2      | Gained mutation: Your flesh is heat resistant. [demonic ancestry]
   990 | D:2      | Reached XP level 3. HP: 26/27 MP: 3/3
  1073 | D:2      | Reached skill level 4 in Axes
  1246 | D:2      | Reached XP level 4. HP: 28/33 MP: 4/4
  1565 | D:3      | Noticed Natasha
  1906 | D:3      | Found a glowing drain.
  1918 | Sewer    | Entered a sewer
  1921 | Sewer    | Reached skill level 5 in Axes
  1945 | Sewer    | Noticed a crocodile
  1952 | Sewer    | Killed a crocodile
  1952 | Sewer    | Gained mutation: You sometimes gain a little power by taking damage. [demonic ancestry]
  1952 | Sewer    | Reached XP level 5. HP: 40/40 MP: 5/5
  2067 | D:3      | Killed Natasha
  2267 | D:3      | Gained mutation: You are resistant to electric shocks. [potion of beneficial mutation]
  2293 | D:3      | Noticed Natasha
  2836 | D:4      | Found Wyekiur's Distillery.
  2844 | D:4      | Bought a potion of curing for 30 gold pieces
  2844 | D:4      | Bought a potion of might for 40 gold pieces
  2844 | D:4      | Bought a potion of heal wounds for 50 gold pieces
  2844 | D:4      | Bought a potion of degeneration for 10 gold pieces
  3103 | D:4      | Found a deep blue altar of Sif Muna.
  3122 | D:4      | Gained mutation: You have a pair of horns on your head. [demonic ancestry]
  3122 | D:4      | Reached XP level 6. HP: 42/47 MP: 6/6
  3160 | D:4      | Reached skill level 6 in Axes
  3205 | D:4      | Found an opulent altar of Gozag.
  3453 | D:5      | Entered Level 5 of the Dungeon
  3570 | D:5      | Got a bloodstained rapier
  3635 | D:5      | Found a sacrificial altar of Ru.
  3888 | D:4      | Identified the +7 rapier "Zeluru" {pierce, *Rage +Blink Int+9 Dex+3} (You found it on level 5 of the Dungeon)
  3934 | D:5      | Noticed an ice beast
  3941 | D:5      | Reached skill level 1 in Armour
  3941 | D:5      | Gained mutation: You are immune to clouds of flame. [demonic ancestry]
  3941 | D:5      | Reached XP level 7. HP: 52/52 MP: 7/7
  3958 | D:5      | Found Duthrem's Jewellery Emporium.
  4203 | D:5      | Found a staircase to the Ecumenical Temple.
  4291 | Temple   | Entered the Ecumenical Temple
  4370 | D:6      | Noticed Edmund
  4418 | D:6      | Reached skill level 7 in Axes
  4495 | D:6      | Noticed Menkaure
  4514 | D:6      | Killed Menkaure
  4514 | D:6      | Reached XP level 8. HP: 61/61 MP: 8/8
  4745 | D:6      | Killed Edmund
  4785 | D:6      | Reached skill level 5 in Fighting
  4953 | D:6      | Noticed Sigmund
  4969 | D:6      | Killed Sigmund
  4969 | D:6      | Reached skill level 8 in Axes
  5389 | D:7      | Reached XP level 9. HP: 67/69 MP: 9/9
  5430 | D:7      | Reached skill level 5 in Armour
  5696 | D:8      | Found a burning altar of Makhleb.
  5703 | D:8      | Found a glowing golden altar of the Shining One.
  5705 | D:8      | Found an oddly glowing altar of Pakellas.
  5745 | D:8      | Reached skill level 9 in Axes
  5777 | D:8      | Noticed a two-headed hydra
  5784 | D:8      | Found a shadowy altar of Dithmenos.
  5828 | D:8      | Noticed Anatei's ghost (novice MiFi)
  5836 | D:8      | Killed Anatei's ghost
  6077 | D:8      | Found a shimmering altar of Xom.
  6135 | D:8      | Found a staircase to the Lair.
  6183 | D:8      | Reached XP level 10. HP: 45/79 MP: 10/10
  6532 | D:8      | Became a worshipper of Makhleb the Destroyer
  6567 | D:8      | Reached skill level 10 in Axes
  6810 | D:9      | Noticed a tengu warrior
  6816 | D:9      | Killed a tengu warrior
  6834 | D:9      | Noticed a centaur warrior
  7274 | D:9      | Reached * piety under Makhleb
  7304 | D:9      | Got a scintillating silver ring
  7311 | D:9      | Identified the ring of Piocuc {Ice +Inv Dex+3} (You found it on level 9 of the Dungeon)
  7740 | D:9      | Found a glowing golden altar of the Shining One.
  7807 | D:9      | Reached skill level 11 in Axes
  7822 | D:10     | Entered Level 10 of the Dungeon
  7864 | D:10     | Noticed a tengu warrior
  7882 | D:10     | Killed a tengu warrior
  8041 | D:10     | Gained mutation: You have a pair of large horns on your head. [demonic ancestry]
  8041 | D:10     | Reached XP level 11. HP: 85/89 MP: 11/11
  8170 | D:10     | Noticed a hill giant
  8367 | D:10     | Reached ** piety under Makhleb
  8571 | D:10     | Noticed a hill giant
  8632 | Lair:1   | Entered Level 1 of the Lair of Beasts
  8836 | Lair:1   | You fall through a shaft!
  8962 | Lair:2   | HP: 2/89 [blink frog (13)]
  9326 | Lair:2   | Reached *** piety under Makhleb
  9326 | Lair:2   | Reached skill level 10 in Fighting
  9384 | Lair:2   | Reached skill level 12 in Axes
  9746 | Lair:2   | Reached **** piety under Makhleb
 10759 | Lair:3   | Reached XP level 12. HP: 62/99 MP: 12/12
 10895 | Lair:3   | Noticed Maud
 11022 | Lair:3   | Reached skill level 13 in Axes
 11042 | Lair:3   | Reached ***** piety under Makhleb
 11051 | Lair:3   | Noticed a seven-headed hydra
 11136 | Lair:3   | Killed Maud
 11409 | Lair:3   | Found a staircase to the Shoals.
 11526 | Lair:4   | Noticed a six-headed hydra
 11561 | Lair:4   | Noticed a catoblepas
 11577 | Lair:4   | Killed a catoblepas
 11814 | Lair:4   | Noticed Rupert
 12206 | Lair:3   | Cast into level 3 of the Abyss (Rupert)
 12228 | Abyss:3  | Got a pitted plate armour
 12230 | Abyss:3  | Noticed a starcursed mass
 12232 | Abyss:3  | Noticed a hellephant
 12244 | Abyss:3  | Noticed a reaper
 12262 | Abyss:4  | Identified the cursed +0 plate armour "Fuhy" {rElec rN++ Int-3 Slay+2} (You found it on level 3 of the Abyss)
 12406 | Abyss:4  | Reached skill level 1 in Invocations
 12421 | Abyss:4  | Noticed a tentacled starspawn
 12462 | Abyss:4  | Killed from afar by a wretched star

Skill      XL: |  1  2  3  4  5  6  7  8  9 10 11 12 |
---------------+-------------------------------------+-----
Axes           | 3 4 5 6 7 8 9 11 12 13 | 13.8
Fighting       | 3 4 5 7 9 10 11 | 11.7
Throwing       | 2 |  2.1
Armour         | 1 3 4 6 7 8 |  8.7
Invocations    | 1 |  1.0
Dodging        | |  2.6

Action                   |  1- 3 |  4- 6 |  7- 9 | 10-12 || total
-------------------------+-------+-------+-------+-------++-------
Melee: War axe           |    94 |   166 |   122 |       ||   382
       Headbutt          |    11 |    30 |    48 |   113 ||   202
       Battleaxe         |       |       |    83 |   535 ||   618
Throw: Throwing net      |       |     2 |     1 |     1 ||     4
       Tomahawk          |       |       |       |     4 ||     4
 Abil: Evoke Berserk Rag |       |       |       |     5 ||     5
  Use: Scroll            |       |    10 |     8 |    15 ||    33
       Potion            |       |     3 |     3 |    17 ||    23
 Stab: Held in net/web   |       |     1 |       |       ||     1
  Eat: Chunk             |     1 |     9 |     4 |    24 ||    38
       Beef jerky        |       |     1 |       |       ||     1
       Bread ration      |       |       |     1 |       ||     1
       Fruit             |       |       |       |     1 ||     1
Armor: Leather armour    |    17 |       |       |       ||    17
       Chain mail        |    41 |   131 |       |       ||   172
       Ring mail         |       |       |    91 |   257 ||   348
Dodge: Dodged            |    47 |    92 |   127 |   362 ||   628
